[Event "Team 45 45 League T78"]
[Site "Internet Chess Club"]
[Date "2018.10.14"]
[Round "4"]
[White "kllrchris"]
[Black "Bizzy-Ketty"]
[Result "1-0"]
[WhiteElo "1660"]
[BlackElo "1550"]
[Opening "Sicilian: Nimzovich-Rossolimo attack (with ...g6, without ...d6)"]
[ECO "B31"]
[Time "17:00:38"]
[TimeControl "2700+45"]

1. e4 c5 2. Nf3 Nc6 3. Bb5 g6 4. Bxc6 dxc6 5. h3 Bg7 6. d3 Nf6 7. Nc3 O-O 8. Be3
b6 9. Qd2 Re8 10. a3 a5 11. O-O Ba6 12. Nh2 e5 13. f4 exf4 14. Bxf4 Nh5 15. Be3
Qd6 16. Ng4 Ra7 17. Rae1 Bc8 18. Nh6+ Kf8 19. Na4 Qb8 20. Nxc5 Be6 21. Qf2 Bxh6
22. Bxh6+ Kg8 23. Nxe6 Rxe6 24. g4 Nf6 25. Kg2 c5 26. Re3 Ne8 27. Rf3 Ree7 28.
h4 Qd6 29. Bf4 Qe6 30. Rg3 Rab7 31. h5 Kg7 32. Rh1 Qf6 33. hxg6 Qxg6 34. Qf3 Nf6
35. Rh6 {Black resigns} 1-0

[Event "Team 45 45 League T78"]
[Site "Internet Chess Club"]
[Date "2018.10.10"]
[Round "4"]
[White "tryanything"]
[Black "mongmong"]
[Result "1/2-1/2"]
[WhiteElo "1494"]
[BlackElo "1445"]
[Opening "Queen's pawn"]
[ECO "A40"]
[Time "19:00:57"]
[TimeControl "2700+45"]

1. d4 e6 2. Bf4 Nf6 3. e3 b6 4. Nf3 Bb7 5. Nbd2 d6 6. Bd3 Nbd7 7. e4 Be7 8. O-O
Nh5 9. Be3 c5 10. c3 e5 11. dxe5 dxe5 12. Nc4 Nhf6 13. Qc2 Qc7 14. Rad1 b5 15.
Ncd2 c4 16. Be2 O-O 17. b3 cxb3 18. axb3 a6 19. c4 Rac8 20. Qb1 bxc4 21. Bxc4
Nc5 22. Bxc5 Qxc5 23. Rc1 Qa5 24. Qa1 Qxa1 25. Rxa1 Nxe4 26. Nxe4 Bxe4 27. Nxe5
Bd6 28. Nd7 Rfd8 29. Nb6 Rb8 30. Rxa6 Bb7 31. Ra7 Bxg2 32. Bxf7+ Kh8 33. Kxg2
Rxb6 34. Rd1 Rbb8 35. Bc4 Bc5 36. Rxd8+ Rxd8 37. Rf7 Bb4 38. Rb7 Bc5 39. b4 Bd4
40. b5 g6 41. Be2 Rf8 42. Bf3 Rf6 43. h3 Rb6 44. Rxb6 Bxb6 {Game drawn by mutual
agreement} 1/2-1/2

[Event "Team 45 45 League T78"]
[Site "Internet Chess Club"]
[Date "2018.10.13"]
[Round "4"]
[White "calsal"]
[Black "primerpaso"]
[Result "1-0"]
[WhiteElo "1780"]
[BlackElo "1792"]
[Opening "French: Steinitz, Boleslavsky variation"]
[ECO "C11"]
[Time "16:09:32"]
[TimeControl "2700+45"]

1. d4 Nf6 2. Nc3 e6 3. e4 d5 4. e5 Nfd7 5. f4 c5 6. Nf3 Nc6 7. Be3 Qb6 8. a3 Be7
9. Na4 Qa5+ 10. c3 c4 11. b4 cxb3 12. Qxb3 a6 13. Bd3 b5 14. Nb2 b4 15. cxb4
Nxb4 16. O-O Nxd3 17. Qxd3 Qb5 18. Rfc1 Qxd3 19. Nxd3 Nb6 20. Nd2 Na4 21. Nb3
Bd7 22. Nbc5 Nxc5 23. Nxc5 Bb5 24. a4 Bc4 25. Rab1 a5 26. Rb7 Bd8 27. Rcb1 Ba6
28. Rb8 Rxb8 29. Rxb8 Be2 30. Bd2 Ke7 31. Bxa5 Re8 32. Rb7+ Kf8 33. Nd7+ Kg8 34.
Rb8 {Black resigns} 1-0

[Event "Team 45 45 League T78"]
[Site "Internet Chess Club"]
[Date "2018.10.14"]
[Round "4"]
[White "kabindra"]
[Black "julesraider"]
[Result "1-0"]
[WhiteElo "1680"]
[BlackElo "1550"]
[Opening "Caro-Kann: advance variation"]
[ECO "B12"]
[Time "12:01:13"]
[TimeControl "2700+45"]

1. e4 c6 2. d4 d5 3. e5 c5 4. c3 Nc6 5. Be3 cxd4 6. cxd4 Qb6 7. Nc3 e6 8. a3
Nge7 9. Bd3 Bd7 10. Nf3 Ng6 11. h4 h6 12. h5 Nge7 13. O-O Na5 14. b4 Nac6 15.
Na4 Qc7 16. Rc1 a6 17. Nc5 Nf5 18. Bf4 Bxc5 19. Rxc5 b6 20. Rc1 Qb7 21. Bxf5
exf5 22. Re1 Be6 23. Nh4 O-O 24. Qd3 Qd7 25. Qg3 Kh7 26. Qd3 Kg8 27. Re3 Ne7 28.
Rg3 Kh7 29. Rh3 Rg8 30. g4 g5 31. hxg6+ fxg6 32. Bxh6 fxg4 33. Rh2 Rh8 34. Bg5
Kg8 35. Bxe7 Bf5 36. Nxf5 Rxh2 37. Kxh2 gxf5 38. Bf6 Qh7+ 39. Kg2 Qg6 40. Rc7
Kf8 41. Qc2 Qh5 42. Rc8+ {Black resigns} 1-0

[Event "Team 45 45 League T78"]
[Site "Internet Chess Club"]
[Date "2018.10.10"]
[Round "4"]
[White "MathBandit"]
[Black "QuieroAprender"]
[Result "1/2-1/2"]
[WhiteElo "1529"]
[BlackElo "1721"]
[Opening "Giuoco Piano"]
[ECO "C50"]
[Time "19:09:27"]
[TimeControl "2700+45"]

1. e4 e5 2. Nf3 Nc6 3. Bc4 Bc5 4. O-O Nf6 5. d3 h6 6. Be3 Be7 7. h3 d6 8. Nbd2
O-O 9. c3 Na5 10. Bb3 Nxb3 11. axb3 c5 12. Ne1 d5 13. f4 exf4 14. Bxf4 dxe4 15.
Nxe4 Nxe4 16. dxe4 Be6 17. c4 Qxd1 18. Rxd1 Rfd8 19. Nc2 Bf6 20. e5 Be7 21. Ne3
Rd4 22. Nd5 Bxd5 23. cxd5 Rd8 24. Rxd4 cxd4 25. d6 Bg5 26. Bxg5 hxg5 27. Rd1 f5
28. Rxd4 Kf7 29. Rd3 Ke6 30. Re3 Rc8 31. Rc3 Rd8 32. Rc5 b6 33. Rb5 Rc8 34. Kh2
Rc6 35. Kg3 a6 36. Rd5 Rc8 37. d7 Rd8 38. Rd6+ Kxe5 39. Rxb6 Rxd7 40. Rxa6 Rd3+
41. Kh2 Rxb3 42. Rg6 Rxb2 43. Rxg5 Kf6 44. Rg3 f4 45. Ra3 g5 46. Ra6+ Kf5 47.
Ra5+ Kg6 48. Ra6+ Kh5 49. Ra8 f3 50. Rh8+ Kg6 51. Rg8+ Kh6 52. Rf8 fxg2 53. Rf3
Kh5 54. Rg3 g1=Q+ 55. Kxg1 Kh4 56. Rg4+ Kh5 57. Rg3 Rd2 58. Rg2 Rd3 59. Kh2 Rf3
60. Rg4 Rf4 61. Rxf4 gxf4 62. Kg2 Kh4 63. Kf3 Kxh3 64. Kxf4 {Game drawn because
neither player has mating material} 1/2-1/2

[Event "Team 45 45 League T78"]
[Site "Internet Chess Club"]
[Date "2018.10.11"]
[Round "4"]
[White "olivermx"]
[Black "Chess4Him"]
[Result "0-1"]
[WhiteElo "1164"]
[BlackElo "1540"]
[Opening "Robatsch (modern) defense"]
[ECO "B06"]
[Time "21:31:22"]
[TimeControl "2700+45"]

1. e4 g6 2. Nf3 Bg7 3. d4 d6 4. Bd3 a6 5. Be3 b5 6. O-O Bb7 7. Nbd2 Nd7 8. c3
Ngf6 9. h3 O-O 10. Re1 Rc8 11. Bf4 Nh5 12. Bh2 c5 13. Nf1 Nhf6 14. Qd2 cxd4 15.
cxd4 Nb6 16. b3 Nfd7 17. Rac1 h6 18. g4 Kh7 19. Qe3 e5 20. d5 Nc5 21. Bc2 b4 22.
N1d2 a5 23. Qe2 Ba6 24. Qe3 Qd7 25. Red1 Rc7 26. Ne1 Rfc8 27. Rb1 Qd8 28. Bg3
Bf6 29. f4 Nbd7 30. Bd3 Bxd3 31. Nxd3 Nxd3 32. Qxd3 Rc3 {White resigns} 0-1

[Event "Team 45 45 League T78"]
[Site "Internet Chess Club"]
[Date "2018.10.13"]
[Round "4"]
[White "idjit"]
[Black "az2112"]
[Result "1-0"]
[WhiteElo "1536"]
[BlackElo "1465"]
[Opening "Sicilian: Grand Prix attack"]
[ECO "B23"]
[Time "10:00:40"]
[TimeControl "2700+45"]

1. e4 c5 2. Nc3 Nc6 3. f4 d6 4. Nf3 Nf6 5. Bb5 Bd7 6. O-O e6 7. d3 Be7 8. e5
dxe5 9. fxe5 Nd5 10. Ne4 O-O 11. c4 Nc7 12. Qe1 Nxb5 13. cxb5 Nd4 14. Nfg5 Bxg5
15. Nxg5 h6 16. Ne4 Nxb5 17. Bxh6 {Black resigns} 1-0

[Event "Team 45 45 League T78"]
[Site "Internet Chess Club"]
[Date "2018.10.12"]
[Round "4"]
[White "joaoazm"]
[Black "noblitz-oblige"]
[Result "1-0"]
[WhiteElo "1557"]
[BlackElo "1487"]
[Opening "Four knights: Scotch variation"]
[ECO "C47"]
[Time "09:31:35"]
[TimeControl "2700+45"]

1. e4 e5 2. Nf3 Nf6 3. Nc3 Nc6 4. d4 Bb4 5. d5 Ne7 6. Bd2 d6 7. Bd3 Bg4 8. O-O
c6 9. dxc6 Nxc6 10. Re1 Nd4 11. Be2 Nxe2+ 12. Qxe2 O-O 13. Rad1 a6 14. a3 Bc5
15. Bg5 Qb6 16. Bxf6 gxf6 17. b4 Bd4 18. Nd5 Qd8 19. h3 Bxf3 20. Qxf3 Kg7 21. c3
Ba7 22. Rd3 Rg8 23. Qh5 Kh8 24. Qxf7 Rg7 25. Qh5 Qg8 26. Qf3 Rg6 27. Ne7 {Black
resigns} 1-0

[Event "Team 45 45 League T78"]
[Site "Internet Chess Club"]
[Date "2018.10.13"]
[Round "4"]
[White "OGO"]
[Black "guyd52"]
[Result "1-0"]
[WhiteElo "1311"]
[BlackElo "1241"]
[Opening "Modern defense"]
[ECO "A40"]
[Time "20:01:38"]
[TimeControl "2700+45"]

1. d4 g6 2. e4 d6 3. c4 Bg7 4. Nf3 Nf6 5. Bd3 O-O 6. O-O Nbd7 7. Nc3 c6 8. b3 e5
9. d5 cxd5 10. cxd5 a6 11. Be3 b5 12. Qd2 Qa5 13. a4 b4 14. Na2 Rb8 15. Rac1 Ng4
16. Rc6 Nxe3 17. Qxe3 Rb6 18. Rfc1 Nc5 19. R6xc5 dxc5 20. Rxc5 Rb5 21. Rxb5 axb5
22. Bxb5 Bg4 23. Nd2 Rc8 24. Nc4 Qd8 25. Nxb4 Qh4 26. Nc6 Bf8 27. N6xe5 Bh6 28.
Qd3 Qg5 29. Nxg4 Qxg4 30. h3 Qf4 31. g3 Qc1+ 32. Kg2 Bf8 33. d6 Rd8 34. d7 Bc5
35. Qf3 Qe1 36. Kh2 Bxf2 37. Qg2 Bxg3+ 38. Qxg3 Qxe4 39. Ne5 Qc2+ 40. Qg2 Qc7
41. Qe4 f6 42. Qd5+ Kg7 43. Qf7+ Kh6 44. Qxf6 Qc2+ 45. Kg1 Qc1+ 46. Kf2 Qc2+ 47.
Kg3 Qc3+ 48. Kh4 Qe1+ 49. Kg4 Qg1+ 50. Kf4 Qf2+ 51. Nf3 Rxd7 52. Bxd7 Qc5 53.
Qg5+ {Black resigns} 1-0

[Event "Team 45 45 League T78"]
[Site "Internet Chess Club"]
[Date "2018.10.15"]
[Round "4"]
[White "Conjurer"]
[Black "kingsrook"]
[Result "1-0"]
[WhiteElo "1288"]
[BlackElo "1126"]
[Opening "Queen's pawn, Mason variation"]
[ECO "D00"]
[Time "13:10:31"]
[TimeControl "2700+45"]

1. d4 d5 2. Bf4 Nf6 3. e3 c5 4. c3 Nc6 5. Nf3 e6 6. Bd3 Bd6 7. Ne5 O-O 8. O-O c4
9. Bc2 Qc7 10. g3 Nxe5 11. dxe5 Bxe5 12. Nd2 Bxf4 13. exf4 b5 14. a4 Qc6 15. b4
a6 16. Nf3 Nd7 17. Ng5 Nf6 18. Qd4 Bb7 19. Nf3 Nd7 20. Ne5 Nxe5 21. fxe5 f6 22.
f4 f5 23. a5 g6 24. Rad1 Rad8 25. h4 h5 26. Rd2 Rf7 27. Rdf2 Kh7 28. Bd1 Kh6 29.
Bf3 Rdd7 30. Kh2 Ba8 31. Qd1 Bb7 32. g4 fxg4 33. Bxg4 Rde7 34. Be2 Bc8 35. Qd2
Kg7 36. Rg1 Rf5 37. Rfg2 Qe8 38. Rg5 Kh6 39. Qd1 Rxf4 40. Rxg6+ Qxg6 41. Rxg6+
Kxg6 42. Bxh5+ Kg7 43. Qg1+ Kf8 44. Qg5 Rf2+ 45. Kg3 Rg7 46. Kxf2 Rxg5 47. hxg5
Kg7 48. Ke3 Bd7 49. Kd4 Kf8 50. Kc5 Ke7 51. Kb6 Bc8 52. Kc7 Bd7 53. g6 Be8 54.
Kb7 d4 55. g7 Bf7 56. cxd4 c3 57. Bd1 Bg8 58. Kxa6 Kf7 59. Kxb5 Kxg7 60. Kc4 Kf7
61. Kxc3 Ke7 62. Kc4 Kd7 63. Kc5 Kc7 64. a6 Kb8 65. Kd6 Ka7 66. b5 Kb6 67. Be2
Ka7 68. Kc7 Bf7 69. b6+ Ka8 70. Bf3# {Black checkmated} 1-0

[Event "Team 45 45 League T78"]
[Site "Internet Chess Club"]
[Date "2018.10.13"]
[Round "4"]
[White "Chess4Him"]
[Black "SuperPuzzler"]
[Result "0-1"]
[WhiteElo "1518"]
[BlackElo "1428"]
[Opening "King's Indian: London system"]
[ECO "A45"]
[Time "21:31:14"]
[TimeControl "2700+45"]

1. d4 Nf6 2. Bf4 g6 3. Nf3 Bg7 4. e3 O-O 5. Be2 d5 6. h3 c5 7. c3 Nc6 8. Nbd2
Nd7 9. dxc5 Nxc5 10. Nb3 Ne4 11. Nbd2 e5 12. Bh2 Nxd2 13. Qxd2 Be6 14. O-O Qe7
15. Rfe1 Rac8 16. a3 f6 17. Rad1 Rfd8 18. b4 Qf7 19. Qb2 Ne7 20. Bb5 Nf5 21. Ba4
Nd6 22. Nd2 b5 23. Bb3 e4 24. Bxd6 Rxd6 25. Nxe4 dxe4 26. Bxe6 Rxe6 27. Re2 f5
28. Rc1 Rec6 29. Rec2 a6 30. g3 g5 31. Kg2 f4 32. exf4 gxf4 33. h4 e3 34. f3
fxg3 35. Re2 Bh6 36. a4 Rc4 37. Qa2 Kh8 38. axb5 Qh5 39. Qxa6 Rf8 40. Rf1 Rxh4
{White resigns} 0-1

[Event "Team 45 45 League T78"]
[Site "Internet Chess Club"]
[Date "2018.10.16"]
[Round "4"]
[White "smsxman"]
[Black "chuckh2"]
[Result "0-1"]
[WhiteElo "1393"]
[BlackElo "1339"]
[Opening "French defense"]
[ECO "C00"]
[Time "11:00:19"]
[TimeControl "2700+45"]

1. e4 e6 2. Nc3 c6 3. Nf3 d5 4. exd5 exd5 5. d4 Bd6 6. Be2 Ne7 7. O-O O-O 8. a3
Bf5 9. Re1 Ng6 10. Bg5 f6 11. Be3 Nd7 12. Bd3 Bxd3 13. Qxd3 Qc7 14. Ne2 Rfe8 15.
Ng3 Bxg3 16. fxg3 Ndf8 17. c3 Qb6 18. Qd2 Re7 19. b4 Rae8 20. Bf2 Qb5 21. a4 Qc4
22. Rxe7 Rxe7 23. Re1 Rxe1+ 24. Qxe1 Kf7 25. h3 a5 26. Qd2 Nd7 27. h4 h5 28. Be1
Qb3 29. bxa5 Qxa4 30. Qb2 Qb5 31. Qxb5 cxb5 32. Nd2 Nb8 33. Nb3 Nc6 34. Bd2 Ke6
35. Kf2 Kf5 36. Ke3 Nf8 37. Kf3 Nd7 38. Bf4 b4 39. cxb4 Nxb4 40. Bc7 Nc6 41. Bd6
g5 42. hxg5 fxg5 43. Bc7 Ke6 44. Ke3 Nf6 45. Nc5+ Kf5 46. Nxb7 Ne4 47. Bb6 Nxg3
48. Nd6+ Ke6 49. Ne8 Nf5+ 50. Kd3 h4 51. a6 Nb4+ 52. Kc3 Nxa6 53. Nc7+ Nxc7 54.
Bxc7 g4 55. Kd3 Ng7 56. Be5 Nh5 57. Ke3 Kf5 58. Kf2 Nf4 59. Bc7 Ke4 60. g3 Nd3+
61. Kg2 h3+ 62. Kh2 Kxd4 63. Bb6+ Ke4 64. Ba7 Ne5 65. Bg1 Nf3+ 66. Kh1 Nxg1 67.
Kxg1 Ke3 {White resigns} 0-1

[Event "Team 45 45 League T78"]
[Site "Internet Chess Club"]
[Date "2018.10.11"]
[Round "4"]
[White "BrerRabbit"]
[Black "CMAlge"]
[Result "1/2-1/2"]
[WhiteElo "1339"]
[BlackElo "1247"]
[Opening "Queen's pawn, Mason variation"]
[ECO "D00"]
[Time "19:01:41"]
[TimeControl "2700+45"]

1. d4 d5 2. Bf4 Nf6 3. e3 e6 4. Nd2 Be7 5. c3 Nbd7 6. Bd3 c5 7. h3 O-O 8. Ngf3
Re8 9. O-O Nf8 10. Ne5 Bd6 11. Bh2 Qc7 12. Nef3 Ng6 13. Bxd6 Qxd6 14. Bxg6 fxg6
15. Ne5 Ne4 16. f3 Ng3 17. Re1 Rf8 18. Nf1 Nf5 19. Nd2 Ne7 20. f4 Bd7 21. b3 Qc7
22. dxc5 Nc6 23. Ndf3 Rad8 24. Nxc6 Bxc6 25. Ne5 g5 26. Qd4 gxf4 27. exf4 Rf6
28. Nxc6 bxc6 29. Re5 Rdf8 30. g3 Qf7 31. h4 Qg6 32. Rg5 Qc2 33. Re5 Rg6 34. Rg5
Rff6 35. Rxg6 Rxg6 36. Qe3 Qf5 37. Rf1 Qh3 38. Rf3 Qg4 39. a3 Qxh4 40. b4 Qh3
41. a4 Rh6 42. Kf2 Qh1 43. Ke2 Qb1 44. Rf2 Kf7 45. Kf3 Qd1+ 46. Qe2 Qh1+ 47. Ke3
Rh3 48. Rf3 Qc1+ 49. Qd2 Qg1+ 50. Qf2 Qc1+ 51. Qd2 Qg1+ 52. Qf2 {Game drawn by
mutual agreement} 1/2-1/2

[Event "Team 45 45 League T78"]
[Site "Internet Chess Club"]
[Date "2018.10.15"]
[Round "4"]
[White "mongmong"]
[Black "bennywins"]
[Result "1-0"]
[WhiteElo "1454"]
[BlackElo "1526"]
[Opening "Queen's pawn game"]
[ECO "D04"]
[Time "21:01:24"]
[TimeControl "2700+45"]

1. d4 d5 2. Nf3 Nf6 3. e3 h6 4. Bd3 Bg4 5. Nbd2 Nbd7 6. h3 Bh5 7. c3 e5 8. dxe5
Nxe5 9. Be2 Bd6 10. Nxe5 Bxe2 11. Qxe2 Bxe5 12. Nf3 Bd6 13. b3 Ne4 14. Bb2 h5
15. Nd2 Qh4 16. Nxe4 Qxe4 17. O-O-O c6 18. f3 Qe6 19. c4 Be5 20. cxd5 cxd5 21.
Qb5+ Kf8 22. Qxd5 Bxb2+ 23. Kxb2 Qxe3 24. Rd2 g6 25. Rhd1 Qb6 26. Qe5 Rh7 27.
Rd6 Qc7 28. Qd5 Rc8 29. Rd8+ Rxd8 30. Qxd8+ Qxd8 31. Rxd8+ Ke7 32. Rb8 b6 33.
Rb7+ Kf6 34. Rxa7 Kg5 35. Rb7 Kh4 36. Rxb6 g5 37. Rc6 Kg3 38. Rc2 f5 39. a4 g4
40. hxg4 fxg4 41. fxg4 Kxg4 42. a5 Kf4 43. b4 Ke4 44. Kb3 Kd4 45. Rc4+ Kd5 46.
g3 Re7 47. Rc3 Rb7 48. Ka4 Kd4 49. Rc5 Rg7 50. Rxh5 Rxg3 51. a6 Kc4 52. Rc5+ Kd4
53. Rc8 Rg6 54. b5 Rg1 55. Ka5 Kd5 56. Kb6 Rg6+ 57. Kb7 Rg7+ 58. Kb8 Kd6 59. a7
Rxa7 60. Kxa7 {Black resigns} 1-0

[Event "Team 45 45 League T78"]
[Site "Internet Chess Club"]
[Date "2018.10.15"]
[Round "4"]
[White "rkjulianjr"]
[Black "PsyMar"]
[Result "1-0"]
[WhiteElo "1300"]
[BlackElo "1259"]
[Opening "Neo-Grünfeld defense"]
[ECO "D70"]
[Time "13:04:21"]
[TimeControl "2700+45"]

1. d4 Nf6 2. c4 g6 3. f3 d5 4. cxd5 Nxd5 5. e4 Nb6 6. Nc3 Bg7 7. Be3 O-O 8. Qd2
Nc6 9. O-O-O e5 10. Nge2 Nc4 11. Qd3 Nxe3 12. Qxe3 exd4 13. Qf2 Bh6+ 14. Kb1 Be3
15. Qg3 f5 16. Nd5 f4 17. Nexf4 Ne5 18. Nxe3 g5 19. Ne6 Bxe6 20. Qxe5 Qe7 21.
Nd5 Qe8 22. Qxg5+ Kh8 23. Qe5+ Kg8 24. b3 Bxd5 25. Qxd5+ Rf7 26. Bc4 Rd8 27.
Qg5+ Kh8 28. Bxf7 Qxf7 29. Qxd8+ Kg7 30. Qxd4+ {Black resigns} 1-0

[Event "Team 45 45 League T78"]
[Site "Internet Chess Club"]
[Date "2018.10.13"]
[Round "4"]
[White "Just-Jim"]
[Black "Toalla"]
[Result "1/2-1/2"]
[WhiteElo "1319"]
[BlackElo "1237"]
[Opening "Modern defense"]
[ECO "A40"]
[Time "13:30:32"]
[TimeControl "2700+45"]

1. d4 g6 2. d5 Bg7 3. e4 b6 4. Nf3 Bb7 5. Bd3 c5 6. Bc4 e5 7. O-O d6 8. h3 a6 9.
Na3 b5 10. Be2 Nd7 11. Bxb5 axb5 12. Nxb5 Ba6 13. Nxd6+ Ke7 14. Bg5+ f6 15. Bh4
Kxd6 16. Re1 g5 17. Bg3 Ne7 18. Nh2 Ng6 19. Qg4 Ndf8 20. Nf3 h5 21. Qf5 Bc8 22.
Bxe5+ fxe5 23. Qf7 Qd7 24. Nxg5 Qxf7 25. Nxf7+ Ke7 26. Nxh8 Bxh8 27. a3 Kd6 28.
c4 Nd7 29. g3 Bg7 30. Rf1 Nf6 31. f3 Bxh3 32. Rf2 Bh6 33. Kh2 Be3 34. Re2 Bd4
35. Kxh3 Ra4 36. Rc2 Nd7 {Game drawn by mutual agreement} 1/2-1/2

[Event "Team 45 45 League T78"]
[Site "Internet Chess Club"]
[Date "2018.10.11"]
[Round "4"]
[White "vedv"]
[Black "kingsrook"]
[Result "1-0"]
[WhiteElo "1061"]
[BlackElo "1136"]
[Opening "Sicilian defense"]
[ECO "B40"]
[Time "15:31:53"]
[TimeControl "2700+45"]

1. e4 c5 2. Nf3 e6 3. Bc4 d5 4. exd5 exd5 5. Be2 Nc6 6. O-O Nf6 7. Nc3 Be7 8.
Re1 O-O 9. Bb5 Bd7 10. Bxc6 Bxc6 11. d3 Re8 12. d4 b6 13. Be3 Qc7 14. a3 Bd6 15.
g3 Ne4 16. dxc5 Nxc3 17. bxc3 bxc5 18. a4 Rab8 19. Qd3 c4 20. Qd4 Ba8 21. Nh4
Be5 22. Qg4 Bxc3 23. Nf5 Qc6 24. Ra3 d4 25. Qxg7# {Black checkmated} 1-0

[Event "Team 45 45 League T78"]
[Site "Internet Chess Club"]
[Date "2018.10.14"]
[Round "4"]
[White "seattleblues"]
[Black "Balderdash"]
[Result "0-1"]
[WhiteElo "1342"]
[BlackElo "1204"]
[Opening "QGD: 4.Nf3"]
[ECO "D37"]
[Time "21:18:58"]
[TimeControl "2700+45"]

1. d4 d5 2. Nf3 Nf6 3. c4 e6 4. Nc3 dxc4 5. a4 Nc6 6. Bf4 Bd6 7. Ne5 Nxe5 8.
dxe5 Nh5 9. Bc1 Bb4 10. Qxd8+ Kxd8 11. Bd2 Bd7 12. e4 g6 13. Bxc4 f6 14. exf6
Nxf6 15. Bg5 Bxc3+ 16. bxc3 Ke7 17. O-O h6 18. Bh4 g5 19. Bg3 Nxe4 20. Be5 Rhc8
21. f3 Nc5 22. a5 a6 23. Bd4 b6 24. axb6 cxb6 25. Rfb1 b5 26. Be2 Kd6 27. Rd1
Ke7 28. Bg7 h5 29. Ra2 Kf7 30. Bd4 Nb7 31. Bb6 Ke7 32. Ba5 Nxa5 33. Rxa5 Rxc3
34. Rda1 Rb3 35. Bd1 Rb4 36. Rxa6 Rxa6 37. Rxa6 Rb1 38. Rb6 Rxd1+ 39. Kf2 Rd2+
40. Kg1 Rb2 41. Rb8 b4 42. h3 b3 43. Kh2 h4 44. Rb4 e5 45. Re4 Ke6 46. Re1 Kf5
47. Rd1 Ba4 48. Rd5 Ra2 49. Rd8 Ke6 50. Rd1 b2 51. Rb1 Bc2 52. Re1 Ra5 {White
resigns} 0-1

[Event "Team 45 45 League T78"]
[Site "Internet Chess Club"]
[Date "2018.10.14"]
[Round "4"]
[White "Andaluz"]
[Black "CMAlge"]
[Result "0-1"]
[WhiteElo "1273"]
[BlackElo "1265"]
[Opening "Ruy Lopez: Berlin defense, open variation"]
[ECO "C67"]
[Time "14:00:52"]
[TimeControl "2700+45"]

1. e4 e5 2. Nf3 Nc6 3. Bb5 Nf6 4. O-O Nxe4 5. Re1 Nd6 6. Bxc6 dxc6 7. Nxe5 Be7
8. d4 O-O 9. Nc3 Nf5 10. Nf3 Re8 11. Ne2 Nh4 12. Nxh4 Bxh4 13. c3 Qf6 14. Be3
Bg4 15. Qd2 Re7 16. Ng3 Rae8 17. Nh1 Qg6 18. Ng3 Bxg3 19. hxg3 Qh5 20. f4 Re6
21. Kf2 Rg6 22. Rh1 Qf5 23. Rae1 Rge6 24. c4 Qg6 25. Rhf1 Bf5 26. Kg1 Qh5 27. b3
Rh6 28. Kf2 Be4 29. Rg1 Qh2 30. Qc1 Rh3 {White forfeits on time} 0-1

[Event "Team 45 45 League T78"]
[Site "Internet Chess Club"]
[Date "2018.10.10"]
[Round "4"]
[White "grekor"]
[Black "SeniorCitizen"]
[Result "1-0"]
[WhiteElo "1169"]
[BlackElo "1206"]
[Opening "French: exchange variation"]
[ECO "C01"]
[Time "13:00:15"]
[TimeControl "2700+45"]

1. e4 e6 2. d4 d5 3. exd5 exd5 4. Nf3 Bg4 5. h3 Bh5 6. c4 Nf6 7. Nc3 c6 8. Bd3
Be7 9. O-O O-O 10. Re1 Nbd7 11. Qc2 Bb4 12. Bg5 Bg6 13. Nh4 Bxd3 14. Qxd3 Qc7
15. a3 Bxc3 16. bxc3 Rae8 17. Qg3 Qxg3 18. fxg3 Rxe1+ 19. Rxe1 h6 20. Bxf6 Nxf6
21. cxd5 cxd5 22. Nf5 Kh7 23. Re7 Kg6 24. Nh4+ Kh7 25. Rxb7 Rc8 26. Rxf7 Rxc3
27. Rxa7 Rxg3 28. Nf5 Rg5 29. Ne7 h5 30. a4 Rg3 31. a5 Rd3 32. a6 Rxd4 33. Nf5
Ra4 34. Rxg7+ Kh8 35. a7 Ne8 36. Re7 Nf6 37. Rb7 Ng8 38. Nd6 d4 39. Ne4 d3 40.
Ng5 d2 41. Rh7# {Black checkmated} 1-0

[Event "Team 45 45 League T78"]
[Site "Internet Chess Club"]
[Date "2018.10.12"]
[Round "4"]
[White "oldbookseller"]
[Black "pandaknight"]
[Result "1-0"]
[WhiteElo "1107"]
[BlackElo "936"]
[Opening "Queen's pawn game"]
[ECO "D02"]
[Time "19:30:25"]
[TimeControl "2700+45"]

1. d4 d5 2. Nf3 c6 3. e3 Nf6 4. Bd3 Bg4 5. Nbd2 e6 6. O-O Nbd7 7. Qe1 Bd6 8. e4
Bc7 9. e5 Nh5 10. h3 Bxf3 11. Nxf3 O-O 12. c3 Qb8 13. Bc2 c5 14. Qe2 Re8 15. Qd3
g6 16. Ng5 Qd8 17. Nxf7 Qh4 18. Nh6+ Kh8 19. Nf7+ Kg8 20. Qf3 Rf8 21. Nh6+ Kh8
22. Nf7+ Kg8 23. Bh6 Bd8 24. Bxf8 Nxf8 25. Nh6+ Kg7 26. Qf7+ Kxh6 27. Qxf8+ Kg5
28. f4+ Nxf4 29. Rf3 Ne2+ 30. Kh2 h5 31. Raf1 Nf4 32. Bxg6 Nxg6 33. Qg8 {Black
resigns} 1-0